 Dungeon Crawl Stone Soup version 0.32-a0-711-g016ad743e0 (webtiles) character file.

Game seed: 9795432939387177632

129 Doorstop00 the Chopper (level 4, 0/41 HPs)
             Began as a Minotaur Berserker on Mar 15, 2024.
             Was a Believer of Trog.
             Succumbed to Crazy Yiuf's poison
             ... on level 3 of the Dungeon.
             The game lasted 00:10:55 (2733 turns).

Doorstop00 the Chopper (Minotaur Berserker)         Turns: 2733, Time: 00:10:56

Health: 0/41       AC:  5    Str: 23    XL:     4   Next: 88%
Magic:  3/3        EV: 10    Int:  4    God:    Trog [**....]
Gold:   107        SH:  0    Dex: 10    Spells: 3/3 levels left

rFire   . . .        n - +0 war axe
rCold   . . .        (no shield)
rNeg    . . .        o - +0 ring mail
rPois   .            (helmet restricted)
rElec   .            (no cloak)
rCorr   .            (no gloves)
SInv    .            (no boots)
Will    .....        (no amulet) Stlth
                     (no ring)
HPRegen 0.26/turn    (no ring)
MPRegen 0.08/turn

%: no passive effects
@: lethally poisoned (0 -> -2), on berserk cooldown, slowed, very slow
A: horns 2, retaliatory headbutt
a: Renounce Religion, Berserk, Trog's Hand


You were on level 3 of the Dungeon.
You worshipped Trog.
Trog was pleased with you.
You visited 1 branch of the dungeon, and saw 3 of its levels.

You collected 107 gold pieces.

Inventory:

Hand Weapons
 a - a +0 hand axe
 n - a +0 war axe (weapon)
Missiles
 c - 4 javelins (quivered)
Armour
 o - a +0 ring mail (worn)
Scrolls
 b - a scroll of teleportation {unknown}
 g - a scroll of revelation {unknown}
 j - a scroll of fear {unknown}
 k - a scroll of noise {unknown}
 l - a scroll of enchant weapon {unknown}
Potions
 d - 2 potions of might
 h - 3 potions of enlightenment
 i - a potion of brilliance {unknown}
 m - a potion of attraction {unknown}


   Skills:
 * Level 4.5 Fighting
 * Level 4.8(4.9) Axes
 * Level 0.8(3.1) Maces & Flails
 * Level 3.2 Armour
 * Level 3.3 Dodging
 + Level 0.1 Stealth


You had 3 spell levels left.
You didn't know any spells.
Your spell library was empty.

Dungeon Overview and Level Annotations

Branches:
Dungeon (3/15)

Altars:


Innate Abilities, Weirdness & Mutations

You have a pair of horns on your head.
You reflexively headbutt those who attack you in melee.


Message History

You open the door.
Crazy Yiuf yells, "Earwax sing-song tortoise!"
A red film seems to cover your vision as you go berserk!
You feel yourself moving faster!
You feel mighty!
Crazy Yiuf hits you with a +2 quarterstaff of chaos!
You are electrocuted!
You barely miss Crazy Yiuf. Your headbutt misses Crazy Yiuf.
Crazy Yiuf hits you with a +2 quarterstaff of chaos!
You are poisoned.
You closely miss Crazy Yiuf.
You feel very sick.
Crazy Yiuf hits you with a +2 quarterstaff of chaos!
* * * LOW HITPOINT WARNING * * *
You feel your power leaking away.
You closely miss Crazy Yiuf. You headbutt Crazy Yiuf!!
You kill Crazy Yiuf!
Trog accepts your kill.
* * * LOW HITPOINT WARNING * * *
You feel sick.
Your Dodging skill increases to level 3!
* * * LOW HITPOINT WARNING * * *
You feel sick.
There is an open translucent door here.
Things that are here:
a +2 quarterstaff of chaos; a +0 cloak; the gnoll corpse of Crazy Yiuf You feel a strong urge to attack something.
You feel sick.
You feel sick.
You feel your anger nearly subside.
You are no longer berserk.
You are exhausted.
You feel yourself slow down.
* * * LOW HITPOINT WARNING * * *
You feel sick.
* * * LOW HITPOINT WARNING * * *
You feel sick.
You see here a +0 hammer.
* * * LOW HITPOINT WARNING * * *
You feel sick.
It was a potion of magic.
Magic courses through your body.
You die...

#.# ####. #.#
#.... #.#
#.... #.#
#.... ###
####. #.
##### ######.
#..)# #......
#..@#
#########.##.
#...#
#.......÷..#<
##)##
#.......#..#.
♣♣.♣
#.......#..#.
♣.♣♣
#######.#..#.
♣♣.♣ #.#..<.
♣.♣♣ #.#..#.
♣♣.♣ #.#..#.
♣..♣♣♣
#.#..#.


There were no monsters in sight!

Vanquished Creatures
  Crazy Yiuf (D:3)
  Robin (D:1)
  2 adders (D:2)
  A white imp (D:3)
  3 bats
  8 endoplasms
  2 giant cockroaches (D:1)
  13 goblins
  5 hobgoblins
  4 quokkas
  7 ball pythons
  3 frilled lizards
  4 kobolds (D:1)
  6 rats
60 creatures vanquished.

Notes
Turn   | Place    | Note
-------+----------+-------------------------------------------
     0 | D:1      | Doorstop00 the Minotaur Berserker began the quest for the
                  | Orb.
     0 | D:1      | Reached XP level 1. HP: 19/19 MP: 0/0
   114 | D:1      | Reached XP level 2. HP: 23/27 MP: 1/1
   403 | D:1      | Reached XP level 3. HP: 31/33 MP: 2/2
   533 | D:1      | Reached ** piety under Trog
  1040 | D:2      | Noticed Robin
  1156 | D:1      | Killed Robin
  1157 | D:1      | Reached XP level 4. HP: 34/41 MP: 3/3
  2718 | D:3      | Found a runed translucent door.
  2719 | D:3      | Noticed Crazy Yiuf
  2726 | D:3      | Killed Crazy Yiuf
  2731 | D:3      | HP: 2/41 [poisoned by Crazy Yiuf]
  2733 | D:3      | Succumbed to Crazy Yiuf's poison

Illustrated notes

Levels and vault maps discovered:
D:1:      psy_arrival_fountain, layout_basic
D:2:      layout_basic, kennysheep_generic_room_9, uniq_robin
D:3:      layout_basic, serial_forest, infiniplex_forest_end_3,
          infiniplex_forest_lined_3, infiniplex_forest_clump_diagonal,
          infiniplex_forest_zigzag_1, infiniplex_forest_end_double,
          infiniplex_forest_zigzag_1, minmay_strange_pillars,
          uniq_crazy_yiuf_cottage

Skill      XL: |  1  2  3  4 |
---------------+-------------+-----
Fighting       | 4 |  4.5
Axes           | 4 |  4.8
Armour         | 3 |  3.2
Dodging        | 3 |  3.3
Maces & Flails | |  0.8
Stealth        | |  0.1

Action                     |  1- 3 |  4- 6 || total
---------------------------+-------+-------++-------
  Melee: Hand axe          |    84 |    23 ||   107
         Headbutt          |     8 |     9 ||    17
         War axe           |       |    16 ||    16
 Invoke: Berserk           |     2 |     1 ||     3
    Use: Scroll            |     1 |     2 ||     3
         Potion            |       |     1 ||     1
 Armour: Animal skin       |    33 |       ||    33
         Leather armour    |    33 |    17 ||    50
         Ring mail         |       |     4 ||     4
  Dodge: Dodged            |    54 |    17 ||    71

Table legend: (Time is in decaauts)
 A = Elapsed time spent in this place.
 B = Non-inter-level travel time spent in this place.
 C = Inter-level travel time spent in this place.
 D = Time resting spent in this place.
 E = Time spent auto-exploring this place.
 F = Levels seen in this place.
 G = Mean time per level.
                   A        B        C        D        E       F      G
               +--------+--------+--------+--------+--------+-----+--------+
         Total |   2767 |   2641 |    126 |    151 |   1747 |   3 |  922.3 |
       Dungeon |   2767 |   2641 |    126 |    151 |   1747 |   3 |  922.3 |
               +--------+--------+--------+--------+--------+-----+--------+

Top non-repeatable levels by time:
     D:3: 1098 daAuts
     D:1: 961 daAuts
     D:2: 707 daAuts
